 Dungeon Crawl Stone Soup version bcrawl-1.36.5b (webtiles) character file.

Game seed: 245678886020625856

532461 Corvidia the Fighter (level 15, -7/123 HPs)
             Began as a Green Draconian Transmuter on Sept 5, 2022.
             Was the Champion of Wu Jian.
             Mangled by a dire elephant simulacrum (20 damage)
             ... in an ice cave.
             The game lasted 01:12:11 (22474 turns).

Corvidia the Fighter (Green Draconian Transmuter)  Turns: 22474, Time: 01:12:11

Health: -7/123     AC: 12    Str: 12    XL:     15   Next: 71%
Magic:  21/24      EV: 18    Int: 24    God:    Wu Jian [******]
Gold:   1940       SH:  0    Dex: 12    Spells: 1/26 levels left

rFire    + . .     GDR:     24%   - Blade hands (35.6)
rCold    + . .     SeeInvis .   (shield currently unavailable)
rNeg     + . .     Gourm    .   (armour unavailable)
rPois    +         Faith    .   (helmet restricted)
rElec    .         Spirit   .   B - scarf {rC+ rF+}
rCorr    .         Reflect  .   (gloves currently unavailable)
MR       +....                  A - +2 pair of boots {Stlth++}
Stlth    ++++......             x - amulet of regeneration
HPRegen  0.93/turn              I - +4 ring of intelligence
MPRegen  0.19/turn              w - ring of positive energy

@: blade hands
A: breathe noxious fumes, unfitting armour, stinger 1, frail 1, poison
resistance, cold-blooded, AC +9
a: Breathe Noxious Fumes, End Transformation, Wall Jump, Serpent's Lash,
Heavenly Storm, Renounce Religion


You were in an ice cave.
You worshipped Wu Jian.
Wu Jian was exalted by your worship.
You were very hungry.
You had blades for hands.
You visited 4 branches of the dungeon, and saw 20 of its levels.
You also visited: Ice Cave.

You collected 2090 gold pieces.
You spent 150 gold pieces at shops.

Inventory:

Missiles
 a - 4236 arrows
Armour
 n - a +2 pair of gloves (melded)
 A - a +2 pair of boots of stealth (worn)
 B - a scarf of resistance (worn)
 X - a scarf of stasis
Jewellery
 d - an uncursed ring of insulation
 g - a +3 amulet of reflection
 t - the ring "Bagae" {rF- Str+6 Stlth++}
   (You found it on level 6 of the Lair of Beasts)

   [ring of stealth]

   It affects your strength (+6).
   It makes you vulnerable to fire.
   It makes you much more stealthy.
 v - the ring of the Raven {Fire Str+3}
   (You found it on level 2 of the Lair of Beasts)

   [ring of fire]

   It enhances your fire magic.
   It affects your strength (+3).
   It protects you from fire.
   It makes you vulnerable to cold.
 w - a ring of positive energy (right scythe-like blade)
 x - an amulet of regeneration (around neck)
 z - an uncursed amulet of the gourmand
 D - an uncursed ring of magical power
 I - a +4 ring of intelligence (left scythe-like blade)
 K - a +5 ring of dexterity
 N - an uncursed amulet of guardian spirit
 R - an uncursed ring of see invisible
 W - an uncursed ring of resist corrosion
Wands
 C - a wand of disintegration (21)
 E - a wand of flame (36)
 G - a wand of iceblast (25)
 L - a wand of paralysis (21)
 M - a wand of charming (18)
 P - a wand of acid (7)
 S - a wand of polymorph (8)
Scrolls
 c - 5 scrolls of magic mapping
 i - 2 scrolls of identify
 j - 2 scrolls of immolation
 o - 3 scrolls of blinking {unknown}
 p - 3 scrolls of fear {unknown}
 q - 9 scrolls of remove curse
 y - a scroll of enchant armour
 Q - 8 scrolls of teleportation
 T - a scroll of acquirement {unknown}
 U - 5 scrolls of vulnerability
 V - 2 scrolls of fog {unknown}
Potions
 b - 3 potions of cancellation {unknown}
 h - 4 potions of berserk rage
 k - 3 potions of haste {unknown}
 l - 4 potions of brilliance
 m - 2 potions of flight {unknown}
 r - 8 potions of curing
 s - 2 potions of heal wounds
 u - 5 potions of mutation {unknown}
 F - 2 potions of resistance
 H - 5 potions of lignification
 O - 5 potions of might
Miscellaneous
 f - a lamp of fire
 Y - a sack of spiders (inert)
Comestibles
 e - 48 rations {!d}


   Skills:
 + Level 13.9 Fighting
 + Level 12.4 Dodging
 - Level 2.0 Stealth
 + Level 13.5 Unarmed Combat
 - Level 6.0 Spellcasting
 - Level 4.0 Charms
 - Level 4.0 Summonings
 * Level 12.4 Transmutations
 - Level 8.0 Evocations


You had one spell level left.
You knew the following spells:

 Your Spells              Type           Power        Failure   Level  Hunger
a - Summon Butterflies    Summ           ####....     19%         1    None
b - Sticks to Snakes      Tmut           ######..     6%          2    None
c - Spider Form           Tmut/Pois      ###          21%         3    ##.....
d - Blade Hands           Tmut           ######....   17%         5    #####..
e - Infusion              Chrm           ####....     19%         1    None
f - Passwall              Tmut/Erth      #####...     14%         2    None
g - Yara's Violent Unrav  Hex/Tmut       #####.....   36%         4    ####...
h - Dragon Form           Tmut           ######.      80%         7    #######

Your spell library contained the following spells:

 Spells                   Type           Power        Failure   Level  Hunger
 Beastly Appendage        Tmut           ######       5%          1    None
 Apportation              Tloc           #.....       41%         1    None
 Corona                   Hex            #......      41%         1    None
 Flame Tongue             Conj/Fire      #....        41%         1    None
 Magic Dart               Conj           #...         41%         1    None
 Sandblast                Erth           #.....       41%         1    None
 Slow                     Hex            #.......     41%         1    None
 Flaming Arrows           Chrm/Fire      ###.....     34%         2    None
 Ice Form                 Ice/Tmut       #####...     36%         4    ####...
 Tree Form                Hex/Tmut       N/A          36%         4    ####...
 False Image              Hex/Summ       ###.....     47%         3    ##.....
 Searing Ray              Conj           #.......     50%         2    None
 Shackle                  Hex            #.......     50%         2    None
 Irradiate                Conj/Tmut      #####.....   58%         5    #####..
 Conjure Flame            Conj/Fire      #.......     67%         3    ##.....
 Inner Flame              Hex/Fire       N/A          67%         3    ##.....
 Iskenderun's Mystic Bla  Conj           #.......     67%         3    ##.....
 Cause Fear               Hex            #.........   92%         4    ####...
 Fulminant Prism          Conj/Hex       #.........   92%         4    ####...
 Sticky Flame             Conj/Fire      #.......     92%         4    ####...
 Statue Form              Tmut/Erth      #####....    95%         6    #######
 Fireball                 Conj/Fire      #.........   99%         5    #####..
 Necromutation            Tmut/Necr      #####...     100%        8    #######


Dungeon Overview and Level Annotations

Branches:
Dungeon (12/12)            Temple (1/1) D:5            Lair (6/6) D:9
 Shoals (0/3) Lair:3        Snake (1/3) Lair:2        Slime (0/5) Lair:6
    Orc (0/1) D:10         Vaults (0/3) D:11         Depths (0/5) D:12
  Swamp: Lair:2-4    Spider: Lair:2-4

Altars:
Ashenzari
Cheibriados
Dithmenos
Elyvilon
Fedhas
Gozag
Hepliaklqana
Kikubaaqudgha
Lugonu
Makhleb
Nemelex Xobeh
Okawaru
Qazlal
Ru
Sif Muna
Trog
Uskayaw
Vehumet
Wu Jian
Xom
Yredelemnul
Zin
The Shining One
Jiyva

Shops:
D:4 !([   D:6 [:(*   D:8 [   D:11 %

Portals:
Trove: D:10 (give 17 potions of curing)

Annotations:
D:6 1 runed door


Innate Abilities, Weirdness & Mutations

You can breathe blasts of noxious fumes.
Your lurid green scales are hard. (AC +9)
You cannot fit into any form of body armour.
Your tail ends in a poisonous barb.
Your system is resistant to poisons. (rPois)
You are cold-blooded and may be slowed by cold attacks.
You are frail. (-10% HP)


Message History

You hit the golden dragon simulacrum but do no damage.
The golden dragon simulacrum is severely damaged.
You hit the golden dragon simulacrum but do no damage.
The golden dragon simulacrum is severely damaged.
The ufetubus barely misses you. The ufetubus closely misses you.
The ufetubus hits you but does no damage.
The ufetubus barely misses you.
The golden dragon simulacrum barely misses you.
The golden dragon simulacrum claws you.
The golden dragon simulacrum freezes you!
You resist.
The golden dragon simulacrum tramples you!
The golden dragon simulacrum freezes you!
You resist.
* * * LOW HITPOINT WARNING * * *
The dire elephant simulacrum tramples you!!
* * * LOW HITPOINT WARNING * * *
The dire elephant simulacrum freezes you!!
You resist.
You die...

# ### ..##
.#.## ###
#...## ##...
≈###.# ##....#
###..# ##Z....#
##..##
###@Z...# ..###
##.Z.5#### #..#
##....## ..##
##...### ###
#..######### .#
##...##....###
##
####....#...###
##
#######....###
.### ####
####...##


You could see a dire elephant simulacrum, a golden dragon simulacrum, an iron
troll simulacrum and an ufetubus.

Vanquished Creatures
  The ghost of Quickbrownfox the Cleaver, a journeyman MiAc of Cheibriados (D:12)
  2 fire dragons (Lair:6)
  5 hydras
  A naga warrior (Lair:2)
  An ogre mage (D:11)
  3 vault guards (D:11)
  2 anacondas (Snake:1)
  A two-headed ogre (D:11)
  2 catoblepae
  A tengu warrior (D:10)
  2 alligators
  4 naga sharpshooters (Snake:1)
  Nergalle (D:10)
  2 shock serpents (Snake:1)
  2 unseen horrors
  2 centaur warriors (D:11)
  A swamp dragon (Lair:6)
  A glowing orange brain (D:12)
  A wolf spider zombie (D:12)
  A cyclops (D:11)
  4 orc knights
  A lindwurm (Lair:6)
  A manticore (Lair:6)
  3 orc sorcerers
  4 oklob plants (Lair:4)
  A salamander (shapeshifter) (D:12)
  2 ugly things
  2 salamanders (Snake:1)
  2 slime creatures (D:12)
  26 elephants
  A black mamba (shapeshifter) (D:12)
  16 black mambas
  2 naga magi (Snake:1)
  An ice statue (IceCv)
  13 cane toads
  8 komodo dragons
  2 rime drakes (Lair:6)
  5 torpor snails (Lair:6)
  An efreet (D:9)
  3 kobold demonologists (D:12)
  2 yaktaurs
  An eye of draining (D:11)
  A tengu conjurer (D:12)
  5 freezing wraiths
  A golden dragon simulacrum (IceCv)
  An anaconda simulacrum (IceCv)
  2 trolls
  4 tyrant leeches (Lair:6)
  6 ice devils (IceCv)
  A queen bee (D:11)
  A wolf spider simulacrum (D:12)
  A polar bear (shapeshifter) (D:12)
  A polar bear (Lair:2)
  A dream sheep (shapeshifter) (D:12)
  Grinder (D:6)
  9 hornets (Lair:6)
  8 hippogriffs
  A blink frog (shapeshifter) (D:11)
  22 blink frogs
  A harpy skeleton (D:12)
  13 dream sheep
  A meliai zombie (D:9)
  Sigmund (D:5)
  A vampire (D:11)
  4 wyverns
  3 basilisks
  A human (D:11)
  A yak (shapeshifter) (D:12)
  A dire elephant simulacrum (IceCv)
  3 fire elementals (Lair:5)
  29 yaks
  2 death yak simulacra (IceCv)
  A hungry ghost (D:12)
  2 steam dragons (Lair:6)
  12 vampire mosquitoes
  19 crocodiles
  5 harpy simulacra (IceCv)
  6 nagas
  5 acid dragons
  A warg (D:11)
  2 hydra simulacra (IceCv)
  3 hell hounds (Lair:5)
  Duvessa (D:6)
  12 water moccasins
  An iron troll simulacrum (IceCv)
  3 soldier ants (D:10)
  11 porcupines
  A hornet zombie (D:12)
  10 orc warriors
  2 phantoms (D:5)
  2 black bears
  A necrophage (D:8)
  An ice beast (D:11)
  2 sky beasts
  6 wolves (Lair:2)
  10 bullfrogs
  3 kobold brigands
  16 centaurs
  Dowan (D:6)
  A wyvern skeleton (D:7)
  4 scorpions
  29 killer bees
  7 wights
  2 electric eels
  A howler monkey (D:8)
  7 orc priests
  10 crimson imps
  2 draconian simulacra (IceCv)
  A quasit (D:8)
  5 orc wizards
  2 bullfrog skeletons (D:6)
  5 hounds
  3 jellies
  Jessica (D:2)
  12 iguanas
  2 troll simulacra (IceCv)
  5 hell rats (Lair:6)
  14 worker ants
  2 spriggan simulacra (IceCv)
  A hound zombie (D:6)
  A hound skeleton (D:4)
  Robin (D:2)
  2 gnolls (D:3)
  A howler monkey skeleton (D:8)
  13 adders
  2 naga simulacra (IceCv)
  3 shadow imps
  8 white imps (IceCv)
  6 ufetubi (IceCv)
  3 centaur simulacra (IceCv)
  3 oozes
  An adder skeleton (D:8)
  2 worms
  4 dart slugs
  6 leopard geckos
  57 orcs
  5 giant cockroaches
  11 goblins
  11 hobgoblins
  4 jackals (D:7)
  7 quokkas
  4 bats (D:1)
  2 frilled lizards (D:3)
  18 kobolds
  3 rats
  A plant (Lair:1)
698 creatures vanquished.

Vanquished Creatures (collateral kills)
  A hydra (Lair:4)
  A mana viper (Snake:1)
  A black mamba (Snake:1)
  A hippogriff (Lair:5)
  2 yaks (Lair:5)
  A water moccasin (Lair:6)
  A killer bee (D:8)
  2 gnolls (D:3)
10 creatures vanquished.

Vanquished Creatures (others)
  An ogre (D:12)
  7 fungi
  31 plants
39 creatures vanquished.

Grand Total: 747 creatures vanquished

Notes
Turn   | Place    | Note
-------+----------+-------------------------------------------
     0 | D:1      | Corvidia the Draconian Transmuter began the quest for the
                  | Orb.
     0 | D:1      | Reached XP level 1. HP: 16/16 MP: 3/3
   120 | D:1      | Reached XP level 2. HP: 18/23 MP: 3/5
   438 | D:1      | Learned a level 2 spell: Sticks to Snakes
   874 | D:2      | Reached XP level 3. HP: 27/28 MP: 6/6
   965 | D:2      | Noticed Robin
  1019 | D:2      | Killed Robin
  1020 | D:2      | Reached skill level 1 in Stealth
  1274 | D:2      | Noticed Jessica
  1279 | D:2      | Killed Jessica
  1280 | D:2      | Reached XP level 4. HP: 22/36 MP: 5/7
  1284 | D:2      | Learned a level 3 spell: Spider Form
  1809 | D:2      | Found a corrupted altar of Lugonu.
  1840 | D:3      | Found a basalt altar of Yredelemnul.
  1901 | D:3      | Reached XP level 5. HP: 14/41 MP: 8/8
  2692 | D:3      | Found a snail-covered altar of Cheibriados.
  3102 | D:4      | Reached XP level 6. HP: 29/50 MP: 9/9
  3433 | D:4      | Found Vumih's Armour Shop.
  3554 | D:4      | Found Nanabei's Weapon Emporium.
  3657 | D:4      | Found Bufiar's Distillery.
  3708 | D:4      | Bought a potion of heal wounds for 50 gold pieces
  3708 | D:4      | Bought a potion of curing for 25 gold pieces
  3708 | D:4      | Bought a potion of heal wounds for 50 gold pieces
  3708 | D:4      | Bought a potion of curing for 25 gold pieces
  3758 | D:4      | Found a glowing golden altar of the Shining One.
  3818 | D:4      | Got a masterwork rapier
  3891 | D:4      | Identified the cursed +0 rapier of Kismet {venom, Int+4}
                  | (You found it on level 4 of the Dungeon)
  4132 | D:5      | Entered Level 5 of the Dungeon
  4132 | D:5      | Found a sacrificial altar of Ru.
  4140 | D:5      | Reached skill level 5 in Transmutations
  4140 | D:5      | Your scales start taking on a lurid green colour.
  4140 | D:5      | Reached XP level 7. HP: 47/57 MP: 10/10
  4140 | D:5      | Gained mutation: Your system is resistant to poisons.
                  | (rPois) [Green Draconian growth]
  4203 | D:5      | Found a shadowy altar of Dithmenos.
  4390 | D:5      | Reached skill level 5 in Unarmed Combat
  4518 | D:5      | Found a staircase to the Ecumenical Temple.
  4535 | D:5      | Reached XP level 8. HP: 31/63 MP: 11/11
  4537 | Temple   | Entered the Ecumenical Temple
  4800 | D:5      | Noticed Sigmund
  4814 | D:5      | Found a shattered altar of Ashenzari.
  4814 | D:5      | Killed Sigmund
  5108 | D:5      | Found a burning altar of Makhleb.
  5384 | D:6      | Found Kif Ruis's Antique Weapon Shoppe.
  5390 | D:6      | Noticed Grinder
  5408 | D:6      | Paralysed by Grinder for 2 turns
  5417 | D:6      | Killed Grinder
  5527 | D:6      | Noticed Dowan
  5535 | D:6      | Learned a level 5 spell: Blade Hands
  5537 | D:6      | Noticed Duvessa
  5538 | D:6      | Found Poupudece's Book Emporium.
  5544 | D:6      | Killed Duvessa
  5549 | D:6      | Killed Dowan
  5580 | D:6      | Found Plog's Antique Armour Shoppe.
  5598 | D:6      | Found Betyxaf's General Store.
  5631 | D:6      | Reached skill level 5 in Dodging
  5772 | D:6      | Found a runed door.
  6221 | D:7      | Reached XP level 9. HP: 36/72 MP: 7/12
  6308 | D:7      | Reached skill level 1 in Evocations
  6405 | D:7      | Found an ornate altar of the Wu Jian Council.
  6427 | D:7      | Became a worshipper of the Wu Jian Council
  6808 | D:7      | Reached skill level 5 in Fighting
  7295 | D:8      | Reached * piety under Wu Jian
  7323 | D:8      | Learned a level 1 spell: Summon Butterflies
  7325 | D:8      | Learned a level 1 spell: Infusion
  7381 | D:8      | Noticed a troll
  7383 | D:8      | Reached skill level 1 in Summonings
  7425 | D:8      | Reached skill level 1 in Charms
  7450 | D:8      | Reached ** piety under Wu Jian
  7518 | D:8      | Killed a troll
  7519 | D:8      | Reached XP level 10. HP: 68/83 MP: 5/13
  7796 | D:8      | Found a shimmering altar of Xom.
  7860 | D:8      | Found Haepp's Armour Shop.
  7942 | D:8      | Found a glowing golden altar of the Shining One.
  7943 | D:8      | Found a hazy altar of Hepliaklqana.
  8090 | D:9      | Got a pair of jewelled boots
  8096 | D:9      | Identified the +0 pair of boots "Juawnaung" {*Slow rCorr
                  | Dex+4} (You found it on level 9 of the Dungeon)
  8195 | D:9      | Noticed a purple ugly thing
  8209 | D:9      | Killed a purple ugly thing
  8552 | D:9      | Found a white marble altar of Elyvilon.
  8911 | D:9      | Found a staircase to the Lair.
  9130 | D:9      | Found an opulent altar of Gozag.
  9131 | D:9      | Found a sparkling altar of Nemelex Xobeh.
  9221 | D:10     | Entered Level 10 of the Dungeon
  9408 | Lair:1   | Entered Level 1 of the Lair of Beasts
  9561 | Lair:1   | Noticed a cane toad
  9574 | Lair:1   | Killed a cane toad
  9749 | Lair:1   | Learned a level 2 spell: Passwall
  9813 | Lair:1   | Noticed a cane toad
  9818 | Lair:1   | Killed a cane toad
  9819 | Lair:1   | Reached XP level 11. HP: 52/91 MP: 11/17
 10545 | Lair:2   | Reached skill level 5 in Evocations
 10702 | Lair:2   | Got a slimy marble ring
 10704 | Lair:2   | Identified the ring of the Raven {Fire Str+3} (You found it
                  | on level 2 of the Lair of Beasts)
 10795 | Lair:2   | Learned a level 4 spell: Yara's Violent Unravelling
 10871 | Lair:2   | HP: 3/93 [wolf (10)]
 10905 | Lair:2   | Gained mutation: You are frail. (-10% HP) [mutagenic glow]
 11011 | Lair:2   | Found a staircase to the Snake Pit.
 11040 | Lair:2   | Reached *** piety under Wu Jian
 11885 | Lair:3   | Noticed a four-headed hydra
 11895 | Lair:3   | Killed a four-headed hydra
 11896 | Lair:3   | Reached XP level 12. HP: 54/93 MP: 10/18
 12006 | Lair:3   | Reached skill level 10 in Unarmed Combat
 12063 | Lair:3   | Found a staircase to the Shoals.
 12261 | Lair:3   | Noticed a four-headed hydra
 12269 | Lair:3   | Killed a four-headed hydra
 12270 | Lair:3   | Reached skill level 10 in Fighting
 12556 | Lair:3   | Reached **** piety under Wu Jian
 13190 | Lair:4   | Noticed a six-headed hydra
 13206 | Lair:4   | Killed a six-headed hydra
 13313 | Lair:4   | Reached skill level 10 in Dodging
 13736 | Lair:4   | Reached XP level 13. HP: 87/104 MP: 13/19
 14595 | Lair:5   | Got a slimy long sword
 14801 | Lair:5   | Found a transporter.
 15083 | Lair:5   | Reached ***** piety under Wu Jian
 15179 | Lair:5   | Found a transporter.
 15625 | Lair:6   | Entered Level 6 of the Lair of Beasts
 16029 | Lair:6   | Got a warped amber ring
 16031 | Lair:6   | Identified the ring "Bagae" {rF- Str+6 Stlth++} (You found
                  | it on level 6 of the Lair of Beasts)
 16106 | Lair:6   | Found a runed door.
 16106 | Lair:6   | Found a viscous altar of Jiyva.
 16111 | Lair:6   | Found a staircase to the Slime Pits.
 16213 | Lair:6   | Gained mutation: Your tail ends in a poisonous barb. [Green
                  | Draconian growth]
 16213 | Lair:6   | Reached XP level 14. HP: 83/114 MP: 15/20
 16514 | Lair:6   | Reached skill level 10 in Transmutations
 16880 | Lair:6   | Found a runed door.
 16938 | Lair:6   | HP: 3/114 [tyrant leech (30)]
 17084 | Lair:6   | Reached ****** piety under Wu Jian
 17906 | D:10     | Noticed Nergalle
 17924 | D:10     | Paralysed by Nergalle for 3 turns
 17932 | D:10     | Paralysed by Nergalle for 4 turns
 17939 | D:10     | Paralysed by Nergalle for 2 turns
 17943 | D:10     | Killed Nergalle
 18445 | D:10     | Found a staircase to the Orcish Mines.
 18551 | D:10     | Found a portal to a secret trove of treasure.
 19080 | D:11     | Found Umauph's Food Boutique.
 19425 | D:11     | Found a gate to the Vaults.
 20086 | D:12     | Entered Level 12 of the Dungeon
 20152 | D:12     | Reached XP level 15. HP: 110/122 MP: 19/22
 20179 | D:12     | Found a runed translucent door.
 20179 | D:12     | Noticed Quickbrownfox's ghost (journeyman MiAc)
 20222 | D:12     | Reached skill level 5 in Spellcasting
 20303 | D:12     | Killed Quickbrownfox's ghost
 20992 | D:12     | Found a staircase to the Depths.
 21334 | Snake:1  | Entered Level 1 of the Snake Pit
 21610 | Snake:1  | HP: 6/123 [something (11)]
 21875 | Snake:1  | Found a frozen archway.
 21990 | IceCv    | Entered an ice cave
 22065 | IceCv    | Learned a level 7 spell: Dragon Form
 22474 | IceCv    | Mangled by a dire elephant simulacrum

Skill      XL: |  1  2  3  4  5  6  7  8  9 10 11 12 13 14 15 |
---------------+----------------------------------------------+-----
Dodging        | 2 3 4 5 6 8 10 11 12 | 12.4
Stealth        | 1 2 |  2.0
Transmutations | 3 4 5 6 7 9 11 12 | 12.4
Fighting       | 2 3 4 5 6 9 11 12 13 | 13.9
Unarmed Combat | 4 5 6 7 9 11 12 13 | 13.5
Evocations     | 3 4 5 6 8 |  8.0
Summonings     | 1 3 4 |  4.0
Charms         | 1 3 4 |  4.0
Spellcasting   | 4 6 |  6.0

Action                   |  1- 3 |  4- 6 |  7- 9 | 10-12 | 13-15 || total
-------------------------+-------+-------+-------+-------+-------++-------
Melee: Unarmed           |   119 |   247 |   364 |   820 |  1354 ||  2904
       Headbutt          |     3 |       |       |       |       ||     3
       Punch             |     2 |     4 |    10 |    31 |    54 ||   101
       Tailslap          |    14 |    15 |    43 |    93 |   138 ||   303
       Rapier            |       |     6 |    76 |       |       ||    82
       Bite              |       |       |       |       |     1 ||     1
 Cast: Beastly Appendage |     4 |       |       |       |       ||     4
       Spider Form       |       |     4 |     3 |       |     2 ||     9
       Sticks to Snakes  |       |     7 |     1 |     2 |    24 ||    34
       Blade Hands       |       |       |     9 |    30 |    62 ||   101
       Infusion          |       |       |     2 |     5 |     4 ||    11
       Dragon Form       |       |       |       |       |     1 ||     1
Invok: Whirlwind         |       |       |    89 |   186 |   277 ||   552
       Lunge             |       |       |    13 |    47 |    92 ||   152
 Abil: Breathe Noxious F |       |       |     6 |     7 |    13 ||    26
       Serpent's Lash    |       |       |       |     3 |     8 ||    11
       End Transformatio |       |       |       |     1 |     4 ||     5
Evoke: Wand              |       |       |       |     1 |     3 ||     4
       Box of beasts     |       |       |       |       |     2 ||     2
       Sack of spiders   |       |       |       |       |     1 ||     1
  Use: Potion            |     1 |       |     1 |     4 |     4 ||    10
       Scroll            |       |     2 |     7 |     5 |     7 ||    21
 Stab: Sleeping          |     1 |     7 |       |     4 |     6 ||    18
       Confused          |       |       |       |     4 |     7 ||    11
       Distracted        |       |       |       |       |     7 ||     7
  Eat: Chunk             |     3 |    16 |    27 |    47 |    57 ||   150
       Ration            |       |       |     1 |     2 |     8 ||    11
Armor: Skin              |    35 |    79 |   108 |   153 |   187 ||   562
Dodge: Dodged            |    53 |   184 |   284 |   425 |   611 ||  1557
Block: Other             |     7 |    22 |    21 |       |    13 ||    63
       Reflection        |       |       |     1 |       |     1 ||     2
